[ AOE2 MATCH · #470284297 ]
Team RMGurjaras vs Khmer
[ REPLAY ANALYSIS · EXTRACTED FROM THE RECORDED GAME ]
Feudal
10:19
Castle
14:33
Imperial
38:42
| APM avg | 52.6 |
| APM peak | 142 |
| eAPM avg | 25.1 |
| Villagers / military | 120 / 90 |
Focus
⚔️ 26.8% · 🌾 73.2%
Camel Scout ×85 · Shrivamsha Rider ×3 · Monk ×2
Feudal
10:11
Castle
14:40
Imperial
35:30
| APM avg | 47.0 |
| APM peak | 93 |
| eAPM avg | 30.4 |
| Villagers / military | 142 / 154 |
Focus
⚔️ 33.2% · 🌾 66.8%
Camel Scout ×114 · Hand Cannoneer ×26 · Trebuchet (Packed) ×7 · Scout Cavalry ×4 · Monk ×3
Feudal
10:59
Castle
14:41
Imperial
32:53
| APM avg | 30.3 |
| APM peak | 50 |
| eAPM avg | 16.1 |
| Villagers / military | 133 / 142 |
Focus
⚔️ 25.8% · 🌾 74.2%
Cavalry Archer ×123 · Scout Cavalry ×10 · Trebuchet (Packed) ×5 · Knight ×4
Feudal
12:36
Castle
17:21
Imperial
35:10
| APM avg | 39.2 |
| APM peak | 88 |
| eAPM avg | 21.1 |
| Villagers / military | 240 / 58 |
Focus
⚔️ 16.5% · 🌾 83.5%
Konnik ×54 · Trebuchet (Packed) ×4
Feudal
11:46
Castle
15:23
Imperial
31:37
| APM avg | 39.2 |
| APM peak | 68 |
| eAPM avg | 25.5 |
| Villagers / military | 125 / 99 |
Focus
⚔️ 40.4% · 🌾 59.6%
Scout Cavalry ×37 · Camel Archer ×27 · Camel Scout ×18 · Knight ×15 · Trebuchet (Packed) ×2
Feudal
12:13
Castle
16:17
Imperial
37:01
| APM avg | 33.6 |
| APM peak | 73 |
| eAPM avg | 17.0 |
| Villagers / military | 155 / 80 |
Focus
⚔️ 24.0% · 🌾 76.0%
Janissary ×77 · Trebuchet (Packed) ×3
Feudal
10:56
Castle
15:03
Imperial
31:55
| APM avg | 29.4 |
| APM peak | 59 |
| eAPM avg | 16.8 |
| Villagers / military | 131 / 218 |
Focus
⚔️ 27.9% · 🌾 72.1%
Ratha (Ranged) ×132 · Spearman ×75 · Fishing Ship ×26 · Trebuchet (Packed) ×5 · Armored Elephant ×4 · Monk ×2
Feudal
10:56
Castle
14:42
Imperial
32:12
| APM avg | 41.6 |
| APM peak | 65 |
| eAPM avg | 19.1 |
| Villagers / military | 159 / 137 |
Focus
⚔️ 34.2% · 🌾 65.8%
Arambai ×102 · Spearman ×35
Match map
Initial resources + every placement click. Lines = walls · curves = elevation contours. ◆ gold · ⬟ stone · ● berries · ✦ relic · ◌ wall gap
Your base· ✓ Map-separated
Juanki's base· ✓ Map-separated
Niros's base· ✓ Map-separated
DMenisDenis's base· ✓ Map-separated
Milan's base· ✓ Map-separated
Forcewiz's base· ✓ Map-separated
PNLN | Maromba_aoe's base· ✓ Map-separated
关老弟是也's base· ✓ Map-separated
Smoothed initial terrain · ◌ = detected wall gap · hover for details
Inputs per minute
— Coolman916 - - Juanki
Build order — Coolman916
First 150 of 371 actions detected
| 0:00 | Create | Villager (Male) |
| 0:01 | Create | Villager (Male) |
| 0:01 | Create | Villager (Male) |
| 0:01 | Create | Villager (Male) |
| 0:05 | Build | House |
| 0:06 | Build | House |
| 1:43 | Build | Lumber Camp |
| 1:49 | Create | Villager (Male) |
| 1:49 | Create | Villager (Male) |
| 1:49 | Create | Villager (Male) |
| 2:44 | Create | Villager (Male) |
| 2:46 | Create | Villager (Male) |
| 3:02 | Create | Villager (Male) |
| 3:38 | Create | Villager (Male) |
| 3:38 | Create | Villager (Male) |
| 3:53 | Create | Villager (Male) |
| 4:20 | Create | Villager (Male) |
| 4:24 | Build | House |
| 4:49 | Create | Villager (Male) |
| 5:19 | Create | Villager (Male) |
| 5:33 | Create | Villager (Male) |
| 6:19 | Create | Villager (Male) |
| 6:19 | Create | Villager (Male) |
| 6:24 | Build | House |
| 6:53 | Create | Villager (Male) |
| 7:20 | Build | Mill |
| 7:50 | Build | Mining Camp |
| 8:02 | Build | Farm |
| 8:04 | Research | Feudal Age |
| 8:22 | Build | House |
| 9:03 | Create | Villager (Male) |
| 9:03 | Create | Villager (Male) |
| 9:16 | Build | Barracks |
| 10:19 | Age | Feudal Age |
| 10:26 | Build | Market |
| 10:35 | Build | Blacksmith |
| 11:13 | Research | Loom |
| 11:25 | Build | Farm |
| 11:53 | Research | Castle Age |
| 11:53 | Research | Castle Age |
| 12:01 | Build | Farm |
| 12:18 | Build | Lumber Camp |
| 13:01 | Build | Farm |
| 13:24 | Build | Farm |
| 13:28 | Build | Farm |
| 13:34 | Build | Farm |
| 13:40 | Build | Farm |
| 13:55 | Research | Double-Bit Axe |
| 13:55 | Research | Double-Bit Axe |
| 14:24 | Build | Stable |
| 14:33 | Age | Castle Age |
| 14:34 | Create | Villager (Male) |
| 14:48 | Build | Farm |
| 15:04 | Build | Farm |
| 15:06 | Create | Villager (Male) |
| 15:16 | Build | Farm |
| 15:32 | Create | Villager (Male) |
| 15:32 | Create | Villager (Male) |
| 15:40 | Create | Shrivamsha Rider |
| 15:57 | Build | Farm |
| 15:58 | Create | Villager (Male) |
| 16:01 | Build | Farm |
| 16:07 | Build | Farm |
| 16:10 | Create | Camel Scout |
| 16:15 | Build | House |
| 16:37 | Build | Farm |
| 16:49 | Build | House |
| 16:51 | Create | Villager (Male) |
| 16:52 | Create | Villager (Male) |
| 16:54 | Create | Camel Scout |
| 17:17 | Build | House |
| 17:18 | Build | House |
| 17:23 | Create | Villager (Male) |
| 17:35 | Build | Farm |
| 17:39 | Research | Bow Saw |
| 17:43 | Create | Villager (Male) |
| 17:52 | Create | Shrivamsha Rider |
| 18:11 | Create | Villager (Male) |
| 18:15 | Create | Shrivamsha Rider |
| 18:17 | Create | Camel Scout |
| 18:33 | Create | Villager (Male) |
| 18:47 | Create | Villager (Male) |
| 18:50 | Create | Camel Scout |
| 19:01 | Create | Villager (Male) |
| 19:06 | Build | Town Center |
| 19:27 | Research | Husbandry |
| 19:27 | Research | Husbandry |
| 19:34 | Create | Villager (Male) |
| 19:48 | Build | Farm |
| 20:07 | Create | Villager (Male) |
| 20:25 | Create | Villager (Male) |
| 20:28 | Create | Camel Scout |
| 20:28 | Create | Camel Scout |
| 20:47 | Build | Farm |
| 20:51 | Create | Villager (Male) |
| 20:54 | Create | Villager (Male) |
| 20:55 | Create | Villager (Male) |
| 21:29 | Create | Camel Scout |
| 21:31 | Create | Villager (Male) |
| 21:31 | Create | Villager (Male) |
| 21:34 | Build | Farm |
| 21:36 | Build | Farm |
| 21:42 | Create | Villager (Male) |
| 22:18 | Create | Villager (Male) |
| 22:20 | Create | Camel Scout |
| 22:21 | Create | Camel Scout |
| 22:35 | Build | Farm |
| 22:37 | Create | Villager (Male) |
| 22:59 | Build | Town Center |
| 23:00 | Create | Villager (Male) |
| 23:08 | Create | Villager (Male) |
| 23:08 | Create | Villager (Male) |
| 23:09 | Create | Villager (Male) |
| 23:38 | Create | Villager (Male) |
| 23:38 | Create | Villager (Male) |
| 23:43 | Create | Camel Scout |
| 23:50 | Build | House |
| 23:50 | Build | House |
| 23:51 | Build | House |
| 23:51 | Build | House |
| 23:51 | Build | House |
| 23:56 | Research | Wheelbarrow |
| 23:56 | Research | Wheelbarrow |
| 23:58 | Research | Horse Collar |
| 23:58 | Research | Horse Collar |
| 23:59 | Create | Villager (Male) |
| 24:24 | Create | Villager (Male) |
| 24:29 | Build | Monastery |
| 24:32 | Create | Villager (Male) |
| 24:33 | Create | Villager (Male) |
| 24:36 | Build | Farm |
| 24:37 | Build | Farm |
| 24:38 | Build | Farm |
| 24:43 | Create | Camel Scout |
| 24:43 | Create | Camel Scout |
| 25:02 | Build | Farm |
| 25:03 | Create | Monk |
| 25:04 | Create | Villager (Male) |
| 25:06 | Build | Farm |
| 25:11 | Create | Villager (Male) |
| 25:12 | Create | Villager (Male) |
| 25:14 | Create | Villager (Male) |
| 25:55 | Create | Villager (Male) |
| 25:55 | Create | Villager (Male) |
| 25:55 | Create | Villager (Male) |
| 25:56 | Create | Villager (Male) |
| 26:31 | Build | Farm |
| 26:31 | Build | Farm |
| 26:32 | Build | Farm |
| 26:32 | Build | Farm |
Build order — Juanki
First 150 of 478 actions detected
| 0:03 | Build | House |
| 0:04 | Build | House |
| 0:04 | Create | Villager (Male) |
| 0:05 | Create | Villager (Male) |
| 0:05 | Create | Villager (Male) |
| 0:05 | Create | Villager (Male) |
| 0:05 | Create | Villager (Male) |
| 1:09 | Create | Villager (Male) |
| 1:09 | Create | Villager (Male) |
| 1:33 | Create | Villager (Male) |
| 1:33 | Create | Villager (Male) |
| 2:12 | Create | Villager (Male) |
| 2:12 | Create | Villager (Male) |
| 2:49 | Create | Villager (Male) |
| 2:49 | Create | Villager (Male) |
| 2:50 | Create | Villager (Male) |
| 3:00 | Create | Villager (Male) |
| 3:07 | Build | Lumber Camp |
| 3:30 | Build | House |
| 3:37 | Build | House |
| 3:38 | Build | House |
| 3:43 | Build | House |
| 4:14 | Create | Villager (Male) |
| 4:41 | Create | Villager (Male) |
| 4:41 | Create | Villager (Male) |
| 4:51 | Create | Villager (Male) |
| 4:51 | Create | Villager (Male) |
| 5:10 | Build | Mill |
| 5:48 | Create | Villager (Male) |
| 6:00 | Build | Lumber Camp |
| 6:13 | Create | Villager (Male) |
| 6:22 | Build | Farm |
| 6:57 | Build | Farm |
| 7:02 | Create | Villager (Male) |
| 7:15 | Build | House |
| 7:16 | Build | House |
| 7:32 | Build | Farm |
| 7:34 | Create | Villager (Male) |
| 7:50 | Research | Feudal Age |
| 8:01 | Create | Villager (Male) |
| 8:07 | Build | Mining Camp |
| 8:13 | Build | House |
| 8:27 | Create | Villager (Male) |
| 8:27 | Create | Villager (Male) |
| 8:39 | Build | Farm |
| 9:30 | Create | Villager (Male) |
| 9:41 | Build | Barracks |
| 10:11 | Age | Feudal Age |
| 10:12 | Build | Blacksmith |
| 10:23 | Build | Market |
| 10:30 | Create | Villager (Male) |
| 11:03 | Create | Villager (Male) |
| 11:13 | Build | Farm |
| 11:29 | Research | Loom |
| 11:52 | Build | Barracks |
| 12:00 | Research | Castle Age |
| 12:00 | Research | Castle Age |
| 12:00 | Research | Castle Age |
| 12:13 | Build | Farm |
| 12:51 | Build | Stable |
| 13:19 | Research | Double-Bit Axe |
| 13:47 | Create | Scout Cavalry |
| 13:47 | Create | Scout Cavalry |
| 14:23 | Create | Villager (Male) |
| 14:40 | Age | Castle Age |
| 14:41 | Create | Villager (Male) |
| 14:41 | Create | Villager (Male) |
| 14:44 | Build | Monastery |
| 14:50 | Build | Town Center |
| 15:12 | Create | Villager (Male) |
| 15:31 | Create | Monk |
| 15:39 | Create | Scout Cavalry |
| 15:55 | Create | Villager (Male) |
| 15:58 | Build | Farm |
| 16:00 | Build | Farm |
| 16:17 | Create | Villager (Male) |
| 16:25 | Create | Villager (Male) |
| 16:42 | Create | Villager (Male) |
| 16:45 | Build | Farm |
| 16:45 | Build | Farm |
| 16:52 | Build | Farm |
| 16:59 | Build | Farm |
| 17:14 | Build | Farm |
| 17:17 | Build | Farm |
| 17:21 | Create | Villager (Male) |
| 17:21 | Create | Villager (Male) |
| 17:31 | Create | Monk |
| 17:56 | Create | Villager (Male) |
| 17:56 | Create | Villager (Male) |
| 17:56 | Create | Villager (Male) |
| 17:57 | Create | Villager (Male) |
| 18:02 | Build | Mill |
| 18:03 | Build | Farm |
| 18:20 | Create | Villager (Male) |
| 18:20 | Create | Villager (Male) |
| 18:31 | Build | House |
| 18:33 | Build | House |
| 18:33 | Build | House |
| 18:33 | Build | House |
| 18:35 | Build | Farm |
| 18:48 | Create | Camel Scout |
| 18:49 | Create | Camel Scout |
| 18:51 | Build | Stable |
| 18:53 | Build | Farm |
| 18:54 | Create | Villager (Male) |
| 19:01 | Create | Villager (Male) |
| 19:01 | Create | Villager (Male) |
| 19:29 | Research | Scale Barding Armor |
| 19:29 | Research | Scale Barding Armor |
| 19:34 | Build | Farm |
| 19:40 | Build | House |
| 19:41 | Build | House |
| 19:41 | Build | House |
| 19:41 | Build | House |
| 19:41 | Build | House |
| 19:43 | Build | Farm |
| 19:44 | Create | Villager (Male) |
| 19:44 | Create | Villager (Male) |
| 19:44 | Create | Villager (Male) |
| 20:14 | Research | Forging |
| 20:14 | Research | Forging |
| 20:30 | Create | Camel Scout |
| 20:31 | Create | Camel Scout |
| 20:31 | Create | Camel Scout |
| 20:40 | Create | Villager (Male) |
| 20:53 | Create | Camel Scout |
| 20:53 | Create | Camel Scout |
| 21:01 | Build | Town Center |
| 21:07 | Create | Villager (Male) |
| 21:08 | Create | Villager (Male) |
| 21:08 | Create | Villager (Male) |
| 21:12 | Build | House |
| 21:12 | Build | House |
| 21:13 | Build | House |
| 21:13 | Build | House |
| 21:13 | Build | House |
| 21:16 | Build | Farm |
| 21:16 | Build | Farm |
| 21:18 | Create | Camel Scout |
| 21:18 | Create | Camel Scout |
| 21:26 | Build | Farm |
| 21:31 | Research | Horse Collar |
| 21:31 | Research | Horse Collar |
| 21:37 | Build | Farm |
| 21:39 | Create | Villager (Male) |
| 21:39 | Create | Villager (Male) |
| 21:59 | Build | House |
| 22:00 | Build | House |
| 22:04 | Create | Villager (Male) |
| 22:05 | Create | Villager (Male) |
Build order — Niros
First 150 of 354 actions detected
| 0:00 | Create | Villager (Male) ×4 |
| 0:02 | Build | House |
| 0:04 | Build | House |
| 1:26 | Create | Villager (Male) |
| 1:48 | Build | Lumber Camp |
| 1:50 | Create | Villager (Male) |
| 2:25 | Create | Villager (Male) |
| 2:59 | Create | Villager (Male) |
| 2:59 | Create | Villager (Male) |
| 3:27 | Build | House |
| 3:36 | Create | Villager (Male) |
| 4:10 | Create | Villager (Male) |
| 4:26 | Create | Villager (Male) |
| 4:40 | Create | Villager (Male) |
| 5:08 | Create | Villager (Male) |
| 5:08 | Create | Villager (Male) |
| 5:28 | Build | Mill |
| 5:29 | Create | Villager (Male) |
| 6:00 | Build | House |
| 6:15 | Create | Villager (Male) |
| 6:15 | Create | Villager (Male) |
| 6:39 | Create | Villager (Male) |
| 6:51 | Build | Mining Camp |
| 7:31 | Build | Farm |
| 7:56 | Create | Villager (Male) |
| 8:09 | Create | Villager (Male) |
| 8:22 | Build | Farm |
| 8:28 | Build | Farm |
| 8:35 | Research | Feudal Age |
| 8:35 | Research | Feudal Age |
| 8:49 | Build | Farm |
| 9:00 | Build | Farm |
| 9:42 | Build | House |
| 9:50 | Build | Farm |
| 9:53 | Build | Farm |
| 10:59 | Age | Feudal Age |
| 11:00 | Create | Villager (Male) |
| 11:20 | Research | Loom |
| 11:29 | Build | Farm |
| 11:31 | Build | Farm |
| 11:35 | Build | Farm |
| 11:45 | Build | Farm |
| 12:01 | Research | Castle Age |
| 12:01 | Research | Castle Age |
| 12:08 | Build | Stable |
| 12:18 | Build | House |
| 13:03 | Build | Blacksmith |
| 13:31 | Build | Stable |
| 13:42 | Research | Bloodlines |
| 13:42 | Research | Bloodlines |
| 13:48 | Research | Scale Barding Armor |
| 13:48 | Research | Scale Barding Armor |
| 13:58 | Create | Villager (Male) |
| 13:59 | Create | Villager (Male) |
| 14:40 | Create | Villager (Male) |
| 14:41 | Age | Castle Age |
| 14:43 | Create | Knight |
| 14:55 | Create | Knight |
| 15:10 | Build | Town Center |
| 15:17 | Create | Villager (Male) |
| 15:20 | Research | Husbandry |
| 15:20 | Research | Husbandry |
| 15:48 | Create | Knight |
| 15:48 | Create | Knight |
| 15:58 | Research | Double-Bit Axe |
| 15:59 | Research | Double-Bit Axe |
| 16:13 | Create | Villager (Male) |
| 16:28 | Create | Villager (Male) |
| 16:45 | Research | Horse Collar |
| 17:01 | Create | Villager (Male) |
| 17:22 | Build | House |
| 17:39 | Create | Villager (Male) |
| 17:39 | Create | Villager (Male) |
| 17:39 | Create | Villager (Male) |
| 17:55 | Create | Villager (Male) |
| 17:57 | Build | House |
| 18:02 | Build | Farm |
| 18:04 | Build | Farm |
| 18:16 | Create | Villager (Male) |
| 18:34 | Build | Farm |
| 18:35 | Create | Villager (Male) |
| 18:51 | Create | Villager (Male) |
| 18:51 | Create | Villager (Male) |
| 18:54 | Build | House |
| 18:57 | Build | Lumber Camp |
| 19:04 | Create | Villager (Male) |
| 19:07 | Build | Farm |
| 19:20 | Create | Villager (Male) |
| 19:23 | Build | Farm |
| 19:25 | Create | Villager (Male) |
| 19:40 | Create | Villager (Male) |
| 19:51 | Create | Villager (Male) |
| 19:51 | Create | Villager (Male) |
| 19:55 | Build | Market |
| 20:08 | Create | Villager (Male) |
| 20:22 | Create | Villager (Male) |
| 20:34 | Create | Villager (Male) |
| 20:38 | Build | Farm |
| 20:48 | Build | Archery Range |
| 20:50 | Build | Archery Range |
| 20:52 | Create | Villager (Male) |
| 20:56 | Build | Farm |
| 20:56 | Build | Farm |
| 21:08 | Create | Villager (Male) |
| 21:14 | Create | Villager (Male) |
| 21:17 | Build | House |
| 21:17 | Build | House |
| 21:37 | Create | Villager (Male) |
| 21:37 | Create | Villager (Male) |
| 21:50 | Create | Villager (Male) |
| 21:55 | Build | Archery Range |
| 21:56 | Build | Archery Range |
| 22:00 | Create | Villager (Male) |
| 22:07 | Build | Farm |
| 22:10 | Build | Farm |
| 22:11 | Build | Farm |
| 22:12 | Create | Villager (Male) |
| 22:19 | Build | Farm |
| 22:20 | Build | Farm |
| 22:22 | Create | Villager (Male) |
| 22:26 | Build | Mining Camp |
| 22:32 | Build | Farm |
| 22:35 | Build | Farm |
| 22:36 | Build | Farm |
| 22:39 | Build | Farm |
| 22:40 | Create | Villager (Male) |
| 22:44 | Build | House |
| 22:45 | Build | House |
| 22:46 | Create | Villager (Male) |
| 23:00 | Create | Villager (Male) |
| 23:14 | Create | Villager (Male) |
| 23:14 | Create | Villager (Male) |
| 23:18 | Build | House |
| 23:19 | Build | House |
| 23:20 | Build | Farm |
| 23:23 | Create | Villager (Male) |
| 23:34 | Build | Town Center |
| 23:46 | Research | Wheelbarrow |
| 24:05 | Research | Bow Saw |
| 24:15 | Create | Cavalry Archer ×5 |
| 24:23 | Research | Fletching |
| 24:24 | Create | Villager (Male) |
| 24:29 | Build | Farm |
| 24:29 | Build | Farm |
| 24:30 | Build | Farm |
| 24:35 | Build | Farm |
| 24:38 | Build | Farm |
| 24:39 | Create | Villager (Male) |
| 24:39 | Create | Villager (Male) |
| 24:41 | Create | Cavalry Archer |
Build order — DMenisDenis
First 150 of 390 actions detected
| 0:01 | Create | Villager (Male) ×4 |
| 0:02 | Create | Villager (Male) ×4 |
| 0:03 | Build | House |
| 0:05 | Build | House |
| 1:36 | Create | Villager (Male) |
| 1:48 | Build | Lumber Camp |
| 2:09 | Create | Villager (Male) |
| 2:09 | Create | Villager (Male) |
| 2:43 | Create | Villager (Male) |
| 3:02 | Create | Villager (Male) |
| 3:02 | Create | Villager (Male) |
| 3:31 | Create | Villager (Male) |
| 3:31 | Create | Villager (Male) |
| 3:42 | Build | House |
| 3:43 | Build | House |
| 3:47 | Build | House |
| 3:52 | Create | Villager (Male) |
| 3:52 | Create | Villager (Male) |
| 4:42 | Create | Villager (Male) |
| 4:42 | Create | Villager (Male) |
| 4:59 | Create | Villager (Male) |
| 5:23 | Create | Villager (Male) |
| 5:23 | Create | Villager (Male) |
| 5:58 | Create | Villager (Male) |
| 6:31 | Create | Villager (Male) |
| 7:36 | Create | Villager (Male) |
| 7:37 | Create | Villager (Male) |
| 7:37 | Create | Villager (Male) |
| 7:59 | Create | Villager (Male) |
| 7:59 | Create | Villager (Male) |
| 8:04 | Build | House |
| 8:05 | Build | House |
| 9:04 | Build | Mining Camp |
| 9:13 | Build | Mill |
| 9:23 | Create | Villager (Male) |
| 10:01 | Build | Farm |
| 10:26 | Research | Feudal Age |
| 10:26 | Research | Feudal Age |
| 11:10 | Build | Farm |
| 11:13 | Build | Farm |
| 11:14 | Build | Farm |
| 11:14 | Build | Farm |
| 11:14 | Build | Farm |
| 11:25 | Build | Farm |
| 11:28 | Build | Farm |
| 11:40 | Build | Farm |
| 11:43 | Build | Farm |
| 11:48 | Build | Farm |
| 12:14 | Create | Villager (Male) |
| 12:14 | Create | Villager (Male) |
| 12:22 | Create | Villager (Male) |
| 12:22 | Create | Villager (Male) |
| 12:36 | Age | Feudal Age |
| 12:40 | Build | Market |
| 12:46 | Build | Blacksmith |
| 12:58 | Build | Farm |
| 12:58 | Build | Farm |
| 12:58 | Build | Farm |
| 12:58 | Build | Farm |
| 12:59 | Build | Farm |
| 12:59 | Build | Farm |
| 13:04 | Build | Farm |
| 13:07 | Build | Farm |
| 13:49 | Research | Loom |
| 14:02 | Build | House |
| 14:30 | Research | Castle Age |
| 14:43 | Build | Barracks |
| 14:53 | Research | Double-Bit Axe |
| 14:53 | Research | Double-Bit Axe |
| 15:35 | Research | Horse Collar |
| 15:41 | Build | House |
| 15:55 | Build | Mining Camp |
| 16:23 | Create | Villager (Male) |
| 16:23 | Create | Villager (Male) |
| 16:24 | Create | Villager (Male) |
| 17:21 | Age | Castle Age |
| 17:46 | Build | Krepost |
| 17:56 | Create | Villager (Male) |
| 17:57 | Create | Villager (Male) |
| 18:33 | Create | Villager (Male) |
| 18:55 | Research | Bow Saw |
| 19:19 | Build | Mining Camp |
| 19:27 | Create | Villager (Male) |
| 19:28 | Create | Villager (Male) |
| 19:35 | Build | Town Center |
| 19:40 | Create | Konnik |
| 19:42 | Create | Konnik |
| 19:42 | Create | Konnik |
| 19:50 | Research | Scale Barding Armor |
| 20:20 | Create | Villager (Male) |
| 20:20 | Create | Villager (Male) |
| 20:33 | Build | Lumber Camp |
| 20:36 | Create | Villager (Male) |
| 21:03 | Build | Stable |
| 21:32 | Create | Konnik |
| 21:32 | Create | Konnik |
| 21:35 | Create | Villager (Male) |
| 21:36 | Create | Villager (Male) |
| 21:46 | Build | Lumber Camp |
| 21:48 | Create | Villager (Male) |
| 21:59 | Create | Villager (Male) |
| 21:59 | Create | Villager (Male) |
| 22:04 | Build | Lumber Camp |
| 22:13 | Research | Wheelbarrow |
| 22:15 | Create | Villager (Male) |
| 22:15 | Create | Villager (Male) |
| 22:23 | Research | Bloodlines |
| 22:49 | Research | Chain Barding Armor |
| 22:53 | Create | Konnik |
| 22:54 | Create | Konnik |
| 23:07 | Build | Town Center |
| 23:10 | Create | Villager (Male) |
| 23:18 | Build | Farm |
| 23:21 | Create | Konnik |
| 23:21 | Create | Konnik |
| 23:58 | Create | Villager (Male) |
| 23:58 | Create | Villager (Male) |
| 24:01 | Build | Farm |
| 24:02 | Build | Farm |
| 24:02 | Build | Farm |
| 24:02 | Build | Farm |
| 24:02 | Build | Farm |
| 24:02 | Build | Farm |
| 24:12 | Create | Konnik |
| 24:16 | Research | Forging |
| 24:32 | Build | Farm |
| 24:32 | Build | Farm |
| 24:32 | Build | Farm |
| 24:32 | Build | Farm |
| 24:32 | Build | Farm |
| 24:35 | Create | Villager (Male) |
| 24:57 | Create | Villager (Male) |
| 24:57 | Create | Villager (Male) |
| 24:57 | Create | Villager (Male) |
| 25:24 | Build | Farm |
| 25:27 | Create | Villager (Male) |
| 25:27 | Create | Villager (Male) |
| 25:27 | Create | Villager (Male) |
| 25:28 | Create | Villager (Male) |
| 25:40 | Build | Farm |
| 25:40 | Build | Farm |
| 25:43 | Create | Villager (Male) |
| 25:46 | Build | Farm |
| 25:46 | Build | Farm |
| 25:46 | Build | Farm |
| 25:49 | Create | Villager (Male) |
| 25:50 | Create | Villager (Male) |
| 26:18 | Research | Scale Mail Armor |
| 26:20 | Research | Iron Casting |
| 26:31 | Create | Villager (Male) ×2 |
Build order — Milan
First 150 of 417 actions detected
| 0:01 | Create | Villager (Male) |
| 0:02 | Create | Villager (Male) |
| 0:03 | Build | House |
| 0:05 | Build | House |
| 0:11 | Create | Villager (Male) |
| 0:11 | Create | Villager (Male) |
| 1:35 | Create | Villager (Male) |
| 1:54 | Build | Lumber Camp |
| 2:02 | Create | Villager (Male) |
| 2:22 | Create | Villager (Male) |
| 2:23 | Create | Villager (Male) |
| 2:48 | Create | Villager (Male) |
| 2:48 | Create | Villager (Male) |
| 3:25 | Build | House |
| 3:26 | Build | House |
| 3:37 | Create | Villager (Male) |
| 4:07 | Create | Villager (Male) |
| 4:19 | Build | Mill |
| 4:33 | Create | Villager (Male) |
| 4:34 | Create | Villager (Male) |
| 4:50 | Create | Villager (Male) |
| 5:02 | Build | Farm |
| 5:17 | Create | Villager (Male) |
| 5:18 | Create | Villager (Male) |
| 5:31 | Build | Farm |
| 5:54 | Build | Farm |
| 6:03 | Create | Villager (Male) |
| 6:31 | Build | Farm |
| 6:43 | Create | Villager (Male) |
| 6:50 | Build | House |
| 7:26 | Create | Villager (Male) |
| 7:50 | Create | Villager (Male) |
| 8:04 | Build | Farm |
| 8:09 | Create | Villager (Male) |
| 8:21 | Build | Lumber Camp |
| 8:32 | Create | Villager (Male) |
| 8:58 | Build | Palisade Wall |
| 9:01 | Build | Palisade Wall |
| 9:02 | Build | Palisade Wall |
| 9:06 | Build | Palisade Wall |
| 9:08 | Build | Palisade Wall |
| 9:10 | Build | Palisade Wall |
| 9:11 | Create | Villager (Male) |
| 9:19 | Build | Mining Camp |
| 9:29 | Research | Feudal Age |
| 9:37 | Build | Farm |
| 10:06 | Create | Villager (Male) |
| 10:06 | Create | Villager (Male) |
| 11:46 | Age | Feudal Age |
| 11:49 | Build | Market |
| 11:52 | Build | Blacksmith |
| 12:43 | Research | Castle Age |
| 12:43 | Research | Castle Age |
| 13:06 | Research | Double-Bit Axe |
| 13:07 | Research | Horse Collar |
| 13:08 | Research | Horse Collar |
| 13:10 | Research | Loom |
| 15:07 | Build | Farm |
| 15:23 | Age | Castle Age |
| 15:25 | Build | Castle |
| 15:33 | Research | Bow Saw |
| 15:34 | Research | Fletching |
| 15:47 | Create | Villager (Male) |
| 15:58 | Build | Town Center |
| 16:07 | Build | Farm |
| 16:11 | Create | Villager (Male) |
| 16:19 | Research | Town Watch |
| 16:41 | Build | Town Center |
| 16:43 | Create | Villager (Male) |
| 16:51 | Build | Farm |
| 16:53 | Build | Farm |
| 16:56 | Create | Camel Archer |
| 16:58 | Create | Camel Archer |
| 17:09 | Create | Villager (Male) |
| 17:25 | Create | Camel Archer |
| 17:29 | Create | Villager (Male) |
| 17:33 | Build | Farm |
| 17:36 | Build | Farm |
| 17:49 | Create | Villager (Male) |
| 17:49 | Create | Villager (Male) |
| 18:01 | Create | Camel Archer |
| 18:04 | Create | Villager (Male) |
| 18:19 | Create | Villager (Male) |
| 18:20 | Create | Villager (Male) |
| 18:22 | Create | Camel Archer |
| 18:22 | Create | Camel Archer |
| 18:39 | Build | Farm |
| 18:42 | Build | Farm |
| 18:50 | Create | Camel Archer |
| 19:09 | Research | Bodkin Arrow |
| 19:17 | Create | Villager (Male) |
| 19:17 | Create | Villager (Male) |
| 19:24 | Build | Town Center |
| 19:33 | Create | Villager (Male) |
| 19:35 | Create | Villager (Male) |
| 19:35 | Create | Villager (Male) |
| 19:50 | Create | Villager (Male) |
| 20:10 | Create | Villager (Male) |
| 20:23 | Create | Villager (Male) |
| 20:25 | Create | Villager (Male) |
| 20:48 | Create | Villager (Male) |
| 20:58 | Create | Camel Archer |
| 20:59 | Create | Villager (Male) |
| 21:05 | Build | Town Center |
| 21:08 | Create | Camel Archer |
| 21:14 | Research | Wheelbarrow |
| 21:14 | Research | Wheelbarrow |
| 21:15 | Create | Villager (Male) |
| 21:16 | Build | Farm |
| 21:18 | Build | Farm |
| 21:21 | Build | Farm |
| 21:40 | Create | Villager (Male) |
| 21:41 | Create | Villager (Male) |
| 21:48 | Build | Barracks |
| 22:01 | Create | Villager (Male) |
| 22:08 | Build | Farm |
| 22:10 | Build | Farm |
| 22:13 | Create | Villager (Male) |
| 22:13 | Create | Villager (Male) |
| 22:16 | Build | House |
| 22:32 | Create | Villager (Male) |
| 22:33 | Create | Villager (Male) |
| 22:43 | Create | Villager (Male) |
| 22:44 | Create | Villager (Male) |
| 22:49 | Build | Stable |
| 22:55 | Create | Villager (Male) |
| 22:55 | Create | Villager (Male) |
| 23:00 | Build | Farm |
| 23:07 | Create | Villager (Male) |
| 23:09 | Build | Farm |
| 23:13 | Build | House |
| 23:14 | Build | House |
| 23:15 | Build | House |
| 23:23 | Create | Villager (Male) |
| 23:23 | Create | Villager (Male) |
| 23:28 | Build | Farm |
| 23:38 | Create | Villager (Male) |
| 23:41 | Build | Farm |
| 23:48 | Build | Farm |
| 24:07 | Research | Husbandry |
| 24:07 | Research | Husbandry |
| 24:08 | Create | Camel Archer |
| 24:12 | Create | Villager (Male) |
| 24:13 | Create | Villager (Male) |
| 24:20 | Build | Lumber Camp |
| 24:25 | Build | Lumber Camp |
| 24:26 | Build | Farm |
| 24:28 | Build | Farm |
| 24:32 | Build | Farm |
| 24:40 | Create | Camel Archer |
Build order — Forcewiz
First 150 of 373 actions detected
| 0:03 | Build | House |
| 0:04 | Build | House |
| 0:05 | Create | Villager (Male) |
| 0:05 | Create | Villager (Male) |
| 0:06 | Create | Villager (Male) |
| 0:06 | Create | Villager (Male) |
| 2:02 | Create | Villager (Male) |
| 2:03 | Create | Villager (Male) |
| 2:38 | Create | Villager (Male) |
| 2:39 | Create | Villager (Male) |
| 2:50 | Build | Lumber Camp |
| 3:22 | Create | Villager (Male) |
| 3:23 | Create | Villager (Male) |
| 4:07 | Create | Villager (Male) |
| 4:07 | Create | Villager (Male) |
| 4:08 | Create | Villager (Male) |
| 4:55 | Create | Villager (Male) |
| 4:55 | Create | Villager (Male) |
| 4:55 | Create | Villager (Male) |
| 5:06 | Build | House |
| 5:36 | Create | Villager (Male) |
| 5:36 | Create | Villager (Male) |
| 6:24 | Create | Villager (Male) |
| 6:24 | Create | Villager (Male) |
| 7:12 | Build | House |
| 7:37 | Build | Mill |
| 8:09 | Create | Villager (Male) |
| 8:10 | Create | Villager (Male) |
| 8:10 | Create | Villager (Male) |
| 8:10 | Create | Villager (Male) |
| 8:16 | Build | House |
| 8:24 | Build | Mill |
| 8:34 | Create | Villager (Male) |
| 8:35 | Create | Villager (Male) |
| 9:27 | Build | Farm |
| 9:27 | Build | Farm |
| 9:28 | Build | Farm |
| 9:28 | Build | Farm |
| 9:29 | Build | Farm |
| 9:36 | Create | Villager (Male) |
| 9:59 | Build | Mining Camp |
| 10:03 | Research | Feudal Age |
| 10:04 | Research | Feudal Age |
| 11:32 | Create | Villager (Male) |
| 11:33 | Create | Villager (Male) |
| 12:13 | Age | Feudal Age |
| 12:31 | Build | Market |
| 12:33 | Build | Blacksmith |
| 13:12 | Research | Loom |
| 13:26 | Research | Castle Age |
| 13:29 | Build | Mining Camp |
| 14:47 | Research | Double-Bit Axe |
| 14:48 | Research | Horse Collar |
| 15:47 | Build | Lumber Camp |
| 16:17 | Age | Castle Age |
| 16:24 | Create | Villager (Male) |
| 16:24 | Create | Villager (Male) |
| 16:26 | Research | Bow Saw |
| 16:33 | Build | House |
| 16:35 | Build | House |
| 16:47 | Build | House |
| 16:53 | Build | House |
| 17:01 | Create | Villager (Male) |
| 17:37 | Create | Villager (Male) |
| 17:38 | Create | Villager (Male) |
| 17:46 | Build | Farm |
| 18:20 | Create | Villager (Male) |
| 18:22 | Build | Farm |
| 19:01 | Create | Villager (Male) |
| 19:02 | Create | Villager (Male) |
| 19:02 | Create | Villager (Male) |
| 19:07 | Build | Farm |
| 19:09 | Build | Farm |
| 19:34 | Build | Castle |
| 19:42 | Create | Villager (Male) |
| 19:59 | Build | Farm |
| 20:01 | Build | Farm |
| 20:15 | Research | Padded Archer Armor |
| 20:24 | Create | Villager (Male) |
| 20:50 | Create | Villager (Male) |
| 20:51 | Create | Villager (Male) |
| 21:12 | Create | Janissary |
| 21:12 | Create | Janissary |
| 21:13 | Create | Janissary |
| 21:17 | Build | Farm |
| 21:20 | Build | Farm |
| 21:22 | Build | Farm |
| 21:23 | Build | Farm |
| 21:26 | Build | Farm |
| 21:29 | Build | Farm |
| 21:33 | Create | Janissary |
| 22:01 | Build | Town Center |
| 22:04 | Create | Villager (Male) |
| 22:06 | Create | Villager (Male) |
| 22:12 | Create | Janissary |
| 22:21 | Build | Farm |
| 22:25 | Build | Farm |
| 22:35 | Build | Farm |
| 22:37 | Create | Villager (Male) |
| 22:38 | Create | Villager (Male) |
| 22:39 | Create | Janissary |
| 22:55 | Create | Janissary |
| 23:00 | Create | Villager (Male) |
| 23:09 | Build | Farm |
| 23:40 | Create | Villager (Male) |
| 23:41 | Create | Janissary |
| 23:42 | Create | Janissary |
| 23:43 | Create | Villager (Male) |
| 23:48 | Build | Farm |
| 23:49 | Build | Farm |
| 23:51 | Build | Farm |
| 23:52 | Build | Farm |
| 23:58 | Create | Villager (Male) |
| 24:09 | Create | Janissary |
| 24:26 | Create | Villager (Male) |
| 24:27 | Create | Villager (Male) |
| 24:34 | Build | Farm |
| 24:39 | Research | Heavy Plow |
| 24:46 | Build | Farm |
| 24:50 | Build | Farm |
| 24:51 | Create | Villager (Male) |
| 24:53 | Create | Villager (Male) |
| 25:14 | Create | Janissary |
| 25:14 | Create | Janissary |
| 25:16 | Create | Villager (Male) |
| 25:24 | Build | Farm |
| 25:30 | Create | Villager (Male) |
| 25:31 | Create | Villager (Male) |
| 25:32 | Create | Janissary |
| 25:45 | Create | Villager (Male) |
| 26:38 | Create | Janissary |
| 26:38 | Create | Janissary |
| 26:39 | Create | Villager (Male) |
| 26:40 | Create | Villager (Male) |
| 26:40 | Create | Villager (Male) |
| 26:41 | Create | Janissary |
| 26:42 | Create | Janissary |
| 26:43 | Create | Villager (Male) |
| 26:43 | Create | Villager (Male) |
| 26:43 | Create | Villager (Male) |
| 26:53 | Build | Town Center |
| 26:57 | Build | Lumber Camp |
| 27:02 | Create | Villager (Male) |
| 27:03 | Create | Janissary |
| 27:04 | Create | Janissary |
| 27:32 | Create | Villager (Male) |
| 27:32 | Create | Villager (Male) |
| 27:34 | Create | Janissary |
| 27:35 | Create | Villager (Male) |
| 28:00 | Create | Villager (Male) |
Build order — PNLN | Maromba_aoe
First 150 of 387 actions detected
| 0:07 | Create | Villager (Male) ×4 |
| 0:10 | Build | House |
| 0:12 | Build | House |
| 1:35 | Create | Villager (Male) |
| 1:35 | Create | Villager (Male) |
| 1:36 | Create | Villager (Male) |
| 1:53 | Build | Lumber Camp |
| 2:01 | Create | Villager (Male) |
| 2:01 | Create | Villager (Male) |
| 2:49 | Create | Villager (Male) |
| 2:49 | Create | Villager (Male) |
| 2:49 | Create | Villager (Male) |
| 2:50 | Create | Villager (Male) |
| 3:46 | Build | Lumber Camp |
| 3:54 | Create | Villager (Male) |
| 3:55 | Create | Villager (Male) |
| 3:57 | Create | Villager (Male) |
| 3:57 | Create | Villager (Male) |
| 4:30 | Build | House |
| 4:32 | Build | House |
| 4:47 | Create | Villager (Male) |
| 4:47 | Create | Villager (Male) |
| 5:14 | Build | Mill |
| 5:24 | Create | Villager (Male) |
| 5:43 | Create | Villager (Male) |
| 6:22 | Build | Mining Camp |
| 6:29 | Create | Villager (Male) |
| 6:39 | Create | Villager (Male) |
| 6:45 | Create | Villager (Male) |
| 7:30 | Create | Villager (Male) |
| 7:42 | Build | Farm |
| 7:46 | Build | Farm |
| 7:55 | Build | Farm |
| 8:06 | Build | Farm |
| 8:13 | Create | Villager (Male) |
| 8:22 | Build | Farm |
| 8:46 | Research | Feudal Age |
| 8:59 | Build | Farm |
| 9:50 | Create | Villager (Male) |
| 9:50 | Create | Villager (Male) |
| 9:56 | Build | House |
| 10:56 | Age | Feudal Age |
| 11:04 | Build | Market |
| 11:07 | Build | Blacksmith |
| 11:47 | Create | Villager (Male) |
| 11:53 | Build | Mining Camp |
| 12:01 | Build | Farm |
| 12:23 | Research | Castle Age |
| 12:57 | Create | Villager (Male) |
| 13:12 | Build | House |
| 13:14 | Build | House |
| 13:21 | Build | Dock |
| 13:26 | Research | Double-Bit Axe |
| 13:33 | Build | Palisade Wall |
| 13:34 | Build | Palisade Wall |
| 13:36 | Build | Palisade Wall |
| 13:47 | Build | Farm |
| 14:13 | Build | House |
| 14:19 | Create | Villager (Male) |
| 14:46 | Create | Fishing Ship |
| 14:46 | Create | Fishing Ship |
| 15:03 | Age | Castle Age |
| 15:07 | Build | Town Center |
| 15:11 | Research | Bow Saw |
| 15:18 | Research | Horse Collar |
| 15:34 | Build | Fish Trap |
| 15:42 | Create | Villager (Male) |
| 16:01 | Create | Villager (Male) |
| 16:11 | Build | Fish Trap |
| 16:15 | Create | Villager (Male) |
| 16:34 | Create | Villager (Male) |
| 16:34 | Create | Villager (Male) |
| 16:38 | Build | Monastery |
| 16:55 | Create | Fishing Ship |
| 16:57 | Research | Loom |
| 16:59 | Create | Villager (Male) |
| 17:00 | Create | Villager (Male) |
| 17:09 | Build | Farm |
| 17:12 | Build | Farm |
| 17:16 | Build | Farm |
| 17:19 | Create | Villager (Male) |
| 17:19 | Create | Villager (Male) |
| 17:19 | Create | Villager (Male) |
| 17:26 | Create | Monk |
| 17:34 | Create | Villager (Male) |
| 17:34 | Create | Villager (Male) |
| 17:40 | Build | Town Center |
| 17:50 | Create | Villager (Male) |
| 17:50 | Create | Villager (Male) |
| 17:50 | Create | Villager (Male) |
| 17:59 | Build | Fish Trap |
| 18:12 | Build | Fish Trap |
| 18:25 | Create | Villager (Male) |
| 18:25 | Create | Villager (Male) |
| 18:25 | Create | Villager (Male) |
| 18:37 | Create | Villager (Male) |
| 18:37 | Create | Villager (Male) |
| 18:37 | Create | Villager (Male) |
| 18:39 | Create | Fishing Ship |
| 18:57 | Create | Villager (Male) |
| 18:58 | Create | Villager (Male) |
| 19:07 | Build | Farm |
| 19:10 | Build | Farm |
| 19:25 | Research | Town Watch |
| 19:28 | Build | House |
| 19:29 | Build | House |
| 19:30 | Build | House |
| 19:32 | Build | House |
| 19:35 | Create | Villager (Male) |
| 19:35 | Create | Villager (Male) |
| 19:35 | Create | Villager (Male) |
| 19:40 | Build | Fish Trap |
| 19:47 | Create | Fishing Ship |
| 19:53 | Build | Dock |
| 19:57 | Create | Villager (Male) |
| 19:57 | Create | Villager (Male) |
| 20:08 | Create | Villager (Male) |
| 20:08 | Create | Villager (Male) |
| 20:08 | Create | Villager (Male) |
| 20:25 | Create | Villager (Male) |
| 20:25 | Create | Villager (Male) |
| 20:27 | Create | Fishing Ship |
| 20:30 | Research | Tech 906 |
| 20:44 | Build | Fish Trap |
| 20:45 | Create | Fishing Ship |
| 20:46 | Create | Fishing Ship |
| 20:48 | Create | Villager (Male) |
| 20:48 | Create | Villager (Male) |
| 20:48 | Create | Villager (Male) |
| 21:02 | Create | Villager (Male) |
| 21:05 | Build | Castle |
| 21:13 | Create | Villager (Male) |
| 21:14 | Create | Villager (Male) |
| 21:18 | Build | Fish Trap |
| 21:23 | Build | Dock |
| 21:33 | Build | Fish Trap |
| 21:37 | Research | Gillnets |
| 21:40 | Create | Fishing Ship |
| 21:40 | Create | Fishing Ship |
| 21:43 | Create | Villager (Male) |
| 21:43 | Create | Villager (Male) |
| 21:52 | Create | Villager (Male) |
| 21:52 | Create | Villager (Male) |
| 21:52 | Create | Villager (Male) |
| 22:05 | Build | Mining Camp |
| 22:17 | Create | Villager (Male) |
| 22:17 | Create | Villager (Male) |
| 22:17 | Create | Villager (Male) |
| 22:23 | Build | Fish Trap |
| 22:25 | Create | Fishing Ship |
Build order — 关老弟是也
First 150 of 452 actions detected
| 0:01 | Create | Villager (Male) |
| 0:01 | Create | Villager (Male) |
| 0:02 | Build | House |
| 0:04 | Build | House |
| 0:13 | Create | Villager (Male) |
| 0:23 | Create | Villager (Male) |
| 1:38 | Create | Villager (Male) |
| 1:39 | Create | Villager (Male) |
| 1:54 | Create | Villager (Male) |
| 1:54 | Create | Villager (Male) |
| 1:54 | Create | Villager (Male) |
| 2:11 | Build | Lumber Camp |
| 2:17 | Create | Villager (Male) |
| 2:17 | Create | Villager (Male) |
| 2:50 | Create | Villager (Male) |
| 2:50 | Create | Villager (Male) |
| 3:14 | Create | Villager (Male) |
| 3:14 | Create | Villager (Male) |
| 3:50 | Build | House |
| 4:10 | Create | Villager (Male) |
| 4:10 | Create | Villager (Male) |
| 4:11 | Create | Villager (Male) |
| 4:57 | Create | Villager (Male) |
| 4:57 | Create | Villager (Male) |
| 5:06 | Build | Mill |
| 5:08 | Create | Villager (Male) |
| 5:39 | Build | House |
| 5:41 | Build | House |
| 5:44 | Create | Villager (Male) |
| 5:45 | Create | Villager (Male) |
| 5:55 | Create | Villager (Male) |
| 6:38 | Create | Villager (Male) |
| 6:59 | Build | Farm |
| 7:10 | Build | Farm |
| 7:17 | Create | Villager (Male) |
| 7:39 | Build | Farm |
| 7:48 | Build | Farm |
| 7:55 | Build | Farm |
| 8:00 | Create | Villager (Male) |
| 8:25 | Build | Mining Camp |
| 8:40 | Research | Feudal Age |
| 8:57 | Build | Farm |
| 9:03 | Create | Villager (Male) |
| 9:04 | Create | Villager (Male) |
| 9:14 | Build | Farm |
| 9:30 | Build | Farm |
| 10:56 | Age | Feudal Age |
| 11:05 | Build | Market |
| 11:08 | Build | Blacksmith |
| 12:02 | Research | Castle Age |
| 12:18 | Build | Lumber Camp |
| 12:47 | Research | Horse Collar |
| 13:32 | Create | Villager (Male) |
| 13:32 | Create | Villager (Male) |
| 14:42 | Age | Castle Age |
| 14:44 | Build | Town Center |
| 14:46 | Create | Villager (Male) |
| 14:57 | Build | Town Center |
| 14:59 | Create | Villager (Male) |
| 15:06 | Build | Palisade Wall |
| 15:08 | Build | Palisade Wall |
| 15:10 | Build | Palisade Wall |
| 15:14 | Build | Palisade Wall |
| 15:17 | Create | Villager (Male) |
| 16:02 | Build | House |
| 16:04 | Create | Villager (Male) |
| 16:10 | Research | Loom |
| 16:18 | Create | Villager (Male) |
| 16:23 | Create | Villager (Male) |
| 16:24 | Create | Villager (Male) |
| 16:26 | Build | Farm |
| 16:28 | Build | Farm |
| 16:28 | Create | Villager (Male) |
| 16:33 | Create | Villager (Male) |
| 16:44 | Build | Mining Camp |
| 16:47 | Create | Villager (Male) |
| 17:02 | Build | Farm |
| 17:04 | Build | Farm |
| 17:06 | Create | Villager (Male) |
| 17:06 | Create | Villager (Male) |
| 17:15 | Create | Villager (Male) |
| 17:26 | Build | Farm |
| 17:30 | Build | Farm |
| 17:36 | Build | Farm |
| 17:38 | Build | Farm |
| 17:43 | Create | Villager (Male) |
| 17:44 | Create | Villager (Male) |
| 17:48 | Build | Farm |
| 17:49 | Build | Farm |
| 17:53 | Create | Villager (Male) |
| 17:54 | Create | Villager (Male) |
| 17:56 | Create | Villager (Male) |
| 17:59 | Build | Farm |
| 18:00 | Build | Farm |
| 18:02 | Create | Villager (Male) |
| 18:15 | Create | Villager (Male) |
| 18:20 | Build | Farm |
| 18:29 | Build | Farm |
| 18:30 | Build | Farm |
| 18:32 | Create | Villager (Male) |
| 18:32 | Create | Villager (Male) |
| 18:38 | Create | Villager (Male) |
| 18:50 | Build | House |
| 18:56 | Build | House |
| 19:02 | Create | Villager (Male) |
| 19:03 | Create | Villager (Male) |
| 19:11 | Build | Farm |
| 19:12 | Build | Farm |
| 19:22 | Create | Villager (Male) |
| 19:27 | Build | Farm |
| 19:35 | Create | Villager (Male) |
| 19:35 | Create | Villager (Male) |
| 19:41 | Build | House |
| 19:41 | Build | House |
| 19:52 | Create | Villager (Male) |
| 19:52 | Create | Villager (Male) |
| 19:53 | Create | Villager (Male) |
| 20:01 | Build | Farm |
| 20:06 | Create | Villager (Male) |
| 20:07 | Create | Villager (Male) |
| 20:14 | Build | House |
| 20:16 | Build | House |
| 20:21 | Build | House |
| 20:24 | Create | Villager (Male) |
| 20:24 | Create | Villager (Male) |
| 20:41 | Build | Farm |
| 20:44 | Create | Villager (Male) |
| 20:45 | Create | Villager (Male) |
| 20:54 | Build | House |
| 20:55 | Build | House |
| 20:56 | Build | House |
| 20:59 | Create | Villager (Male) |
| 21:14 | Build | Farm |
| 21:17 | Create | Villager (Male) |
| 21:18 | Create | Villager (Male) |
| 21:24 | Create | Villager (Male) |
| 21:27 | Create | Villager (Male) |
| 21:35 | Build | Castle |
| 21:37 | Create | Villager (Male) |
| 21:46 | Research | Wheelbarrow |
| 21:51 | Research | Heavy Plow |
| 21:51 | Research | Heavy Plow |
| 21:51 | Research | Heavy Plow |
| 21:51 | Research | Heavy Plow |
| 21:53 | Create | Villager (Male) |
| 22:09 | Research | Gold Mining |
| 22:10 | Research | Gold Mining |
| 22:13 | Create | Villager (Male) |
| 22:15 | Create | Villager (Male) |
| 22:30 | Create | Arambai |
Match timeline
| 8:58 | Milan · wall_segment Palisade Wall x1 |
| 9:01 | Milan · wall_segment Palisade Wall x1 |
| 9:02 | Milan · wall_segment Palisade Wall x1 |
| 9:06 | Milan · wall_segment Palisade Wall x1 |
| 9:08 | Milan · wall_segment Palisade Wall x1 |
| 9:10 | Milan · wall_segment Palisade Wall x1 |
| 9:16 | Coolman916 · first_building Barracks |
| 9:41 | Juanki · first_building Barracks |
| 10:11 | Juanki · age_up feudal |
| 10:19 | Coolman916 · age_up feudal |
| 10:56 | PNLN | Maromba_aoe · age_up feudal |
| 10:56 | 关老弟是也 · age_up feudal |
| 10:59 | Niros · age_up feudal |
| 11:46 | Milan · age_up feudal |
| 12:08 | Niros · first_building Stable |
| 12:13 | Forcewiz · age_up feudal |
| 12:36 | DMenisDenis · age_up feudal |
| 12:51 | Juanki · first_building Stable |
| 13:21 | PNLN | Maromba_aoe · first_building Dock |
| 13:33 | PNLN | Maromba_aoe · wall_segment Palisade Wall x1 |
| 13:34 | PNLN | Maromba_aoe · wall_segment Palisade Wall x1 |
| 13:36 | PNLN | Maromba_aoe · wall_segment Palisade Wall x1 |
| 14:24 | Coolman916 · first_building Stable |
| 14:33 | Coolman916 · age_up castle |
| 14:40 | Juanki · age_up castle |
| 14:41 | Niros · age_up castle |
| 14:42 | 关老弟是也 · age_up castle |
| 14:43 | DMenisDenis · first_building Barracks |
| 14:44 | Juanki · first_building Monastery |
| 15:03 | PNLN | Maromba_aoe · age_up castle |
| 15:06 | 关老弟是也 · wall_segment Palisade Wall x1 |
| 15:08 | Juanki · first_market_buy 100 wood |
| 15:08 | 关老弟是也 · wall_segment Palisade Wall x1 |
| 15:10 | 关老弟是也 · wall_segment Palisade Wall x1 |
| 15:14 | 关老弟是也 · wall_segment Palisade Wall x1 |
| 15:23 | Milan · age_up castle |
| 15:25 | Milan · first_building Castle |
| 15:58 | 关老弟是也 · first_market_sell 100 wood |
| 16:05 | Forcewiz · first_market_buy 100 stone |
| 16:16 | 关老弟是也 · first_market_buy 100 stone |
| 16:17 | Forcewiz · age_up castle |
| 16:38 | PNLN | Maromba_aoe · first_building Monastery |
| 17:21 | DMenisDenis · age_up castle |
| 17:46 | DMenisDenis · first_building Krepost |
| 19:34 | Forcewiz · first_building Castle |
| 20:31 | Milan · first_market_buy 100 food |
| 20:48 | Niros · first_building Archery Range |
| 21:03 | DMenisDenis · first_building Stable |
| 21:05 | PNLN | Maromba_aoe · first_building Castle |
| 21:35 | 关老弟是也 · first_building Castle |
| 21:48 | Milan · first_building Barracks |
| 22:49 | Milan · first_building Stable |
| 24:29 | Coolman916 · first_building Monastery |
| 24:30 | 关老弟是也 · first_building Barracks |
| 25:07 | Juanki · wall_segment Stone Wall x1 |
| 25:20 | Juanki · wall_segment Stone Wall x1 |
| 25:26 | Juanki · wall_segment Stone Wall x1 |
| 25:38 | 关老弟是也 · first_building Stable |
| 26:54 | Milan · first_market_sell 100 wood |
| 27:27 | Niros · first_building Castle |
| 27:34 | Juanki · first_building Siege Workshop |
| 28:29 | Niros · first_market_sell 100 wood |
| 28:37 | Niros · first_market_buy 100 wood |
| 29:21 | Milan · wall_segment Stone Wall x1 |
| 29:28 | PNLN | Maromba_aoe · wall_segment Stone Wall x14 |
| 29:31 | PNLN | Maromba_aoe · wall_segment Stone Wall x6 |
| 30:23 | Juanki · first_building Castle |
| 30:52 | DMenisDenis · first_building Monastery |
| 30:54 | Coolman916 · first_market_sell 100 wood |
| 30:59 | DMenisDenis · first_building Siege Workshop |
| 31:37 | Milan · age_up imperial |
| 31:38 | PNLN | Maromba_aoe · first_building Barracks |
| 31:51 | DMenisDenis · first_market_buy 100 food |
| 31:55 | PNLN | Maromba_aoe · age_up imperial |
| 32:12 | 关老弟是也 · age_up imperial |
| 32:17 | Juanki · first_market_sell 100 wood |
| 32:24 | DMenisDenis · first_building Castle |
| 32:53 | Niros · age_up imperial |
| 34:25 | Coolman916 · first_building Castle |
| 34:42 | PNLN | Maromba_aoe · first_building Stable |
| 35:10 | DMenisDenis · age_up imperial |
| 35:25 | 关老弟是也 · first_building Dock |
| 35:30 | Juanki · age_up imperial |
| 35:31 | Coolman916 · first_market_buy 100 food |
| 35:37 | 关老弟是也 · wall_segment Stone Wall x7 |
| 35:52 | Coolman916 · wall_segment Stone Wall x1 |
| 35:54 | Coolman916 · wall_segment Stone Wall x1 |
| 36:39 | Juanki · first_building Archery Range |
| 36:40 | PNLN | Maromba_aoe · first_building Siege Workshop |
| 36:47 | DMenisDenis · tribute_sent a jugador 1 |
| 36:47 | DMenisDenis · tribute_sent a jugador 2 |
| 36:47 | DMenisDenis · tribute_sent a jugador 3 |
| 36:47 | DMenisDenis · tribute_sent a jugador 5 |
| 36:47 | DMenisDenis · tribute_sent a jugador 6 |
| 36:47 | DMenisDenis · tribute_sent a jugador 7 |
| 36:47 | DMenisDenis · tribute_sent a jugador 8 |
| 37:01 | Forcewiz · age_up imperial |
| 38:01 | 关老弟是也 · wall_segment Stone Wall x13 |
| 38:41 | DMenisDenis · first_market_sell 100 wood |
| 38:42 | Coolman916 · age_up imperial |
| 40:39 | 关老弟是也 · wall_segment Stone Wall x17 |
| 41:32 | Coolman916 · resign |
[ AI ANALYSIS · 1 CREDIT ]
What really happened in this match?
Wolo.gg analyzes every decision: build order, eco, micro, common mistakes by bracket. Personalized analysis on WhatsApp or Discord in 30 seconds.
Civ guide
Gurjaras
Map guide
Hill Fort
Perfil
Jugador #44280